 Seeded DCSS version 0.28-a0-1235-g7c8fac35f0 (webtiles) character file.

Game seed: 11023650935340118060 (custom seed)

5941 croobank the Carver (level 10, -3/82 HPs)
             Began as a Gnoll Cinder Acolyte on Dec 24, 2021.
             Was a High Priest of Ignis.
             Slain by a troll (7 damage)
             ... on level 10 of the Dungeon.
             The game lasted 00:58:17 (11899 turns).

croobank the Carver (Gnoll Cinder Acolyte)         Turns: 11899, Time: 00:58:17

Health: -3/82      AC: 11    Str: 20    XL:     10   Next: 83%
Magic:  0/19       EV: 13    Int: 18    God:    Ignis [*****.]
Gold:   516        SH:  0    Dex:  8    Spells: 8/21 levels left

rFire   + . .      SeeInvis .   b - +0 longbow
rCold   . . .      Faith    .   (shield currently unavailable)
rNeg    . . .      Spirit   .   N - +2 steam dragon scales
rPois   .          Reflect  .   (no helmet)
rElec   .          Harm     .   (no cloak)
rCorr   .          Rampage  .   w - +1 pair of gloves
Will    .....                   P - +0 pair of boots
Stlth   +++.......              e - amulet of Idwi {Acrobat Regen+ Str+7}
HPRegen 1.03/turn               (no ring)
MPRegen 0.16/turn               H - ring of wizardry

@: no status effects
A: fangs 1, strong nose, distributed training
a: Renounce Religion, Fiery Armour, Foxfire Swarm, Rising Flame


You were on level 10 of the Dungeon.
You worshipped Ignis.
Ignis was extremely pleased with you.
You visited 2 branches of the dungeon, and saw 11 of its levels.

You collected 516 gold pieces.

Inventory:

Hand Weapons
 a - the +5 falchion "Beastbane" {vorpal, rC+ Int+4}
   (You took it off a wight on level 7 of the Dungeon)

   It inflicts extra damage upon your enemies.
   Int:       It affects your intelligence (+4).
   rC:        It protects you from cold.
 b - a +0 longbow (weapon)
 j - a -1 falchion of flaming
 F - a +0 short sword of speed
 Q - a +0 spectral club
Missiles
 c - 369 stones
 h - 105 sling bullets
 p - 56 poisoned darts
 q - 133 arrows (quivered ammo)
Armour
 f - a +0 chain mail
 v - a +0 scale mail
 w - a +1 pair of gloves (worn)
 x - a +0 plate armour
 A - the +0 robe "Tecy" {+Inv rF- Str+3 Stlth+}
   (You found it on level 5 of the Dungeon)

   Str:       It affects your strength (+3).
   rF:        It makes you vulnerable to fire.
   +Inv:      It lets you turn invisible.
   Stlth:     It makes you more stealthy.
 I - a +0 buckler
 N - +2 steam dragon scales (worn)
 P - a +0 pair of boots (worn)
 S - a +0 troll leather armour
Magical Staves
 k - a staff of air
Jewellery
 e - the amulet of Idwi (around neck) {Acrobat Regen+ Str+7}
   (You acquired it on level 9 of the Dungeon)

   [amulet of the acrobat]

   It increases your evasion while moving and waiting.
   Str:       It affects your strength (+7).
   Regen:     It increases your rate of health regeneration.
 B - the ring "Qiamiesm" {Ice Dex+4}
   (You found it on level 5 of the Dungeon)

   [ring of ice]

   It enhances your ice magic.
   Dex:       It affects your dexterity (+4).
   rF:        It makes you vulnerable to fire.
   rC:        It protects you from cold.
 C - an amulet of magic regeneration
 H - a ring of wizardry (right hand)
Wands
 m - a wand of iceblast (5)
 M - a wand of mindburst (16)
 V - a wand of paralysis (22)
 Y - a wand of acid (5)
Scrolls
 d - 2 scrolls of blinking {blink}
 o - 3 scrolls of magic mapping {magic mapping, unknown}
 r - 2 scrolls of brand weapon {brand weapon, unknown}
 s - 2 scrolls of identify {identify}
 u - a scroll of amnesia {amenesia, unknown}
 y - a scroll of teleportation {teleport}
 D - 2 scrolls of silence {silence, unknown}
 E - 2 scrolls of holy word {holy word, unknown}
 G - 4 scrolls of fear {fear}
 J - a scroll of enchant weapon {enchant weapon, unknown}
 W - 2 scrolls of acquirement {acquirement}
 Z - a scroll of fog {fog, unknown}
Potions
 g - a potion of cancellation {cancellation, unknown}
 i - a potion of magic {magic, unknown}
 l - 4 potions of curing {curing, unknown}
 t - 3 potions of heal wounds {heal wounds}
 L - 2 potions of might {might, unknown}
 R - a potion of brilliance {brilliance, unknown}
 U - a potion of resistance {resistance, unknown}
 X - a potion of mutation {mutation, unknown}


   Skills:
 + Level 8.7 Fighting
 + Level 5.6 Short Blades
 + Level 8.7 Long Blades
 + Level 5.6 Axes
 + Level 5.6 Maces & Flails
 + Level 5.6 Polearms
 + Level 5.6 Staves
 + Level 5.6 Slings
 + Level 5.6 Bows
 + Level 5.6 Crossbows
 + Level 5.6 Throwing
 + Level 5.6 Armour
 + Level 5.6 Dodging
 + Level 5.6 Stealth
 + Level 5.6 Shields
 + Level 5.6 Unarmed Combat
 + Level 6.3 Spellcasting
 + Level 4.6 Conjurations
 + Level 4.6 Hexes
 + Level 4.6 Summonings
 + Level 4.6 Necromancy
 + Level 4.6 Translocations
 + Level 4.6 Transmutations
 + Level 7.3 Fire Magic
 + Level 4.6 Ice Magic
 + Level 4.6 Air Magic
 + Level 4.6 Earth Magic
 + Level 4.6 Poison Magic
 + Level 6.2 Invocations
 + Level 5.6 Evocations


You had 8 spell levels left.
You knew the following spells:

 Your Spells              Type           Power      Damage    Failure   Level
a - Scorch                Fire           64%        2d8       1%          2
b - Teleport Other        Tloc           22%        N/A       1%          3
c - Mephitic Cloud        Conj/Pois/Air  22%        N/A       1%          3
d - Excruciating Wounds   Necr           11%        N/A       19%         5

Your spell library contained the following spells:

 Spells                   Type           Power      Damage    Failure   Level
 Animate Skeleton         Necr           44%        N/A       1%          1
 Apportation              Tloc           44%        N/A       1%          1
 Magic Dart               Conj           88%        1d7       1%          1
 Pain                     Necr           88%        1d8       1%          1
 Summon Small Mammal      Summ           88%        N/A       1%          1
 Call Imp                 Summ           22%        N/A       1%          2
 Gell's Gravitas          Tloc           22%        N/A       1%          3
 Lesser Beckoning         Tloc           22%        N/A       1%          3
 Agony                    Necr           22%        N/A       19%         5


Dungeon Overview and Level Annotations

Branches:
Dungeon (10/15)            Temple (1/1) D:6
   Lair: D:8-11         Orc: D:9-12

Altars:
Ashenzari
Cheibriados
Dithmenos
Elyvilon
Fedhas
Gozag
Hepliaklqana
Kikubaaqudgha
Makhleb
Nemelex Xobeh
Okawaru
Qazlal
Ru
Sif Muna
Trog
Uskayaw
Vehumet
Wu Jian
Xom
Yredelemnul
Zin
The Shining One


Innate Abilities, Weirdness & Mutations

You have very sharp teeth.
Your uncanny sense of smell can sniff out nearby items.
Your experience applies equally to all skills.


Message History

* * * LOW HITPOINT WARNING * * *
Casting: Scorch (safe; 1% risk of failure)
Confirm with . or Enter, or press ? or * to list all spells.
You don't have enough magic to cast this spell.
Fire: 137 arrows
Press: ? - help, Q - select action, (/) - cycle Shift-Dir - straight line, f/p - troll
Aim: a troll (heavily wounded, more vulnerable to fire, 59% to hit)
You shoot an arrow. The arrow closely misses the troll.
The arrow hits the howler monkey!
You kill the howler monkey!
The troll bites you!
* * * LOW HITPOINT WARNING * * *
The troll misses you. x2
Blink to where?
Press: ? - help, Dir - move target, p - troll
As you read the scroll of blinking {blink}, it crumbles to dust.
Fire: 136 arrows
Press: ? - help, Q - select action, (/) - cycle Shift-Dir - straight line, f - troll
Aim: a troll (moderately wounded, 59% to hit)
You shoot an arrow. The arrow hits the troll!
The troll is heavily wounded.
Fire: 135 arrows
Press: ? - help, Q - select action, (/) - cycle Shift-Dir - straight line, f/p - troll
Aim: a troll (heavily wounded, 59% to hit)
You shoot an arrow. The arrow closely misses the troll.
Unknown command.
Fire: 134 arrows
Press: ? - help, Q - select action, (/) - cycle Shift-Dir - straight line, f/p - troll
Aim: a troll (heavily wounded, 59% to hit)
You shoot an arrow. The arrow closely misses the troll.
Casting: Scorch (safe; 1% risk of failure)
Confirm with . or Enter, or press ? or * to list all spells.
Flames lash the troll.
The troll is severely wounded.
The troll's fire resistance burns away.
The troll bites you.
* * * LOW HITPOINT WARNING * * *
The troll claws you!
* * * LOW HITPOINT WARNING * * *
The troll claws you!
You die...

####..# ......# ......#
######### ......#
#.......#
......########.......###
.........(..............
........................
#####.(.................
....'...(......T@.......
....#...#########....###
....#...# ....#
#####...# ....#
........# ......#....'.
.......T# .....#....#..
........# ....#''###h.
........#####........?(
####........#.[.....(..


You could see a troll (combustible).

Vanquished Creatures
  A two-headed ogre (D:9)
  A troll (D:8)
  A hornet (D:9)
  3 slime creatures (D:5)
  4 yaks (D:7)
  Sigmund (D:6)
  3 steam dragons
  Duvessa (D:4)
  An acid dragon (D:8)
  A water moccasin (D:7)
  An orc warrior (D:10)
  A sky beast (D:6)
  2 black bears
  A centaur (D:8)
  2 phantoms (D:4)
  3 ogres
  3 kobold brigands
  A scorpion (D:5)
  Dowan (D:4)
  8 wights
  4 howler monkeys
  A bullfrog zombie (D:6)
  A centaur zombie (D:9)
  4 bullfrog skeletons
  8 jellies
  2 gnoll shamans
  2 orc priests
  4 hounds
  Jessica (D:2)
  Natasha (thrice) (D:2)
  2 iguanas
  5 orc wizards
  2 killer bee zombies
  A hound zombie (D:5)
  19 gnolls
  7 adders
  An ufetubus (D:6)
  4 worms
  2 dart slugs
  15 orcs
  6 ball pythons
  15 endoplasms
  5 giant cockroaches
  4 goblins
  11 hobgoblins
  9 jackals
  6 quokkas
  4 bats (D:1)
  3 frilled lizards
  19 kobolds
  4 rats
214 creatures vanquished.

Vanquished Creatures (others)
  A giant cockroach (D:4)
  9 fungi (D:5)
  6 toadstools (D:5)
16 creatures vanquished.

Grand Total: 230 creatures vanquished

Notes
Turn   | Place    | Note
-------+----------+-------------------------------------------
     0 | D:1      | croobank the Gnoll Cinder Acolyte began the quest for the
                  | Orb.
     0 | D:1      | Reached XP level 1. HP: 23/23 MP: 4/4
   217 | D:1      | Reached XP level 2. HP: 20/29 MP: 5/5
   372 | D:1      | Learned a level 2 spell: Scorch
   847 | D:1      | Reached XP level 3. HP: 29/35 MP: 7/7
  1290 | D:1      | Reached skill level 1 in Invocations
  1785 | D:2      | Reached skill level 1 in Short Blades
  1785 | D:2      | Reached skill level 1 in Axes
  1785 | D:2      | Reached skill level 1 in Maces & Flails
  1785 | D:2      | Reached skill level 1 in Polearms
  1785 | D:2      | Reached skill level 1 in Staves
  1785 | D:2      | Reached skill level 1 in Slings
  1785 | D:2      | Reached skill level 1 in Bows
  1785 | D:2      | Reached skill level 1 in Crossbows
  1785 | D:2      | Reached skill level 1 in Throwing
  1785 | D:2      | Reached skill level 1 in Armour
  1785 | D:2      | Reached skill level 1 in Dodging
  1785 | D:2      | Reached skill level 1 in Stealth
  1785 | D:2      | Reached skill level 1 in Shields
  1785 | D:2      | Reached skill level 1 in Unarmed Combat
  1785 | D:2      | Reached skill level 1 in Evocations
  1785 | D:2      | Reached XP level 4. HP: 41/41 MP: 3/8
  1946 | D:2      | Found a faded altar of an unknown god.
  1950 | D:2      | Noticed Natasha
  1954 | D:2      | Killed Natasha
  1955 | D:2      | Reached skill level 1 in Conjurations
  1955 | D:2      | Reached skill level 1 in Hexes
  1955 | D:2      | Reached skill level 1 in Summonings
  1955 | D:2      | Reached skill level 1 in Necromancy
  1955 | D:2      | Reached skill level 1 in Translocations
  1955 | D:2      | Reached skill level 1 in Transmutations
  1955 | D:2      | Reached skill level 1 in Ice Magic
  1955 | D:2      | Reached skill level 1 in Air Magic
  1955 | D:2      | Reached skill level 1 in Earth Magic
  1955 | D:2      | Reached skill level 1 in Poison Magic
  2153 | D:2      | Noticed Jessica
  2166 | D:2      | Killed Jessica
  2167 | D:2      | Reached XP level 5. HP: 37/47 MP: 1/9
  2336 | D:2      | Noticed Natasha
  2343 | D:2      | Killed Natasha
  2641 | D:2      | Noticed Natasha
  2649 | D:2      | Killed Natasha
  3267 | D:3      | Reached XP level 6. HP: 53/53 MP: 5/10
  3503 | D:3      | Found a shimmering blue altar of Sif Muna.
  3503 | D:3      | Found a white marble altar of Elyvilon.
  3513 | D:3      | Found a basalt altar of Yredelemnul.
  4409 | D:4      | Noticed Duvessa
  4415 | D:4      | Noticed Dowan
  4416 | D:4      | Killed Duvessa
  4417 | D:4      | Reached XP level 7. HP: 59/59 MP: 5/12
  4708 | D:4      | Killed Dowan
  5420 | D:4      | Found a radiant altar of Vehumet.
  5541 | D:4      | Reached XP level 8. HP: 67/67 MP: 7/14
  6189 | D:5      | Entered Level 5 of the Dungeon
  6225 | D:5      | Identified the +0 robe "Tecy" {+Inv rF- Str+3 Stlth+}
  6305 | D:5      | Identified the ring "Qiamiesm" {Ice Dex+4}
  6657 | D:5      | Learned a level 3 spell: Teleport Other
  6834 | D:5      | Noticed a slime creature
  6843 | D:5      | Noticed a slime creature
  7122 | D:5      | Killed a slime creature
  7123 | D:5      | Reached XP level 9. HP: 56/73 MP: 1/16
  7216 | D:5      | Reached skill level 5 in Spellcasting
  8108 | D:6      | Noticed Sigmund
  8116 | D:6      | Killed Sigmund
  8372 | D:6      | Found a staircase to the Ecumenical Temple.
  8381 | Temple   | Entered the Ecumenical Temple
  8635 | D:7      | Reached skill level 5 in Invocations
  8901 | D:7      | Identified the +5 falchion "Beastbane" {vorpal, rC+ Int+4}
  9104 | D:7      | Learned a level 3 spell: Mephitic Cloud
  9182 | D:8      | Noticed a troll
  9208 | D:8      | Reached XP level 10. HP: 41/80 MP: 4/18
  9396 | D:7      | Reached skill level 5 in Short Blades
  9396 | D:7      | Reached skill level 5 in Axes
  9396 | D:7      | Reached skill level 5 in Maces & Flails
  9396 | D:7      | Reached skill level 5 in Polearms
  9396 | D:7      | Reached skill level 5 in Staves
  9396 | D:7      | Reached skill level 5 in Slings
  9396 | D:7      | Reached skill level 5 in Bows
  9396 | D:7      | Reached skill level 5 in Crossbows
  9396 | D:7      | Reached skill level 5 in Throwing
  9396 | D:7      | Reached skill level 5 in Armour
  9396 | D:7      | Reached skill level 5 in Dodging
  9396 | D:7      | Reached skill level 5 in Stealth
  9396 | D:7      | Reached skill level 5 in Shields
  9396 | D:7      | Reached skill level 5 in Unarmed Combat
  9396 | D:7      | Reached skill level 5 in Evocations
 10503 | D:9      | Identified 3 scrolls of acquirement {acquirement}
 10503 | D:9      | Acquired the amulet of Idwi {Acrobat Regen+ Str+7}
 10717 | D:9      | Paralysed by a hornet for 3 turns
 11425 | D:9      | Noticed a two-headed ogre
 11430 | D:9      | Killed a two-headed ogre
 11645 | D:10     | Entered Level 10 of the Dungeon
 11700 | D:10     | Learned a level 5 spell: Excruciating Wounds
 11714 | D:10     | Noticed a two-headed ogre
 11899 | D:10     | HP: 4/82 [troll (10)]
 11899 | D:10     | Slain by a troll

Illustrated notes

Levels and vault maps discovered:
D:1:      mainiacjoe_arrival_reflecting_pool, layout_loops_corners,
          minmay_split_cup_large
D:2:      layout_basic, basic_ecumenical_altar, minmay_tetromino_s4,
          uniq_jessica, uniq_natasha
D:3:      layout_rooms, gammafunk_temple_overflow_claw
D:4:      layout_basic, fiery_altar_vehumet, uniq_duvessa
D:5:      cheibrodos_fertilizer, layout_loops_ring
D:6:      layout_rooms, temple_hall, uniq_sigmund
D:7:      layout_cave_pools
D:8:      layout_cave_pools, serial_column_ruins, column_ruins_grid_1,
          column_ruins_columns_corner, column_ruins_open_tiny,
          column_ruins_corridor_straight, column_ruins_open_small,
          column_ruins_columns_T, column_ruins_open_small_water
D:9:      layout_stronghold, chequers_decorated_corner
D:10:     layout_irregular_city
Temple:   mainiacjoe_temple_coin_purse

Skill      XL: |  1  2  3  4  5  6  7  8  9 10 |
---------------+-------------------------------+-----
Invocations    | 1 2 3 4 5 6 |  6.2
Short Blades   | 1 2 3 4 5 |  5.6
Axes           | 1 2 3 4 5 |  5.6
Maces & Flails | 1 2 3 4 5 |  5.6
Polearms       | 1 2 3 4 5 |  5.6
Staves         | 1 2 3 4 5 |  5.6
Slings         | 1 2 3 4 5 |  5.6
Bows           | 1 2 3 4 5 |  5.6
Crossbows      | 1 2 3 4 5 |  5.6
Throwing       | 1 2 3 4 5 |  5.6
Armour         | 1 2 3 4 5 |  5.6
Dodging        | 1 2 3 4 5 |  5.6
Stealth        | 1 2 3 4 5 |  5.6
Shields        | 1 2 3 4 5 |  5.6
Unarmed Combat | 1 2 3 4 5 |  5.6
Evocations     | 1 2 3 4 5 |  5.6
Spellcasting   | 3 4 5 6 |  6.3
Conjurations   | 1 2 3 4 |  4.6
Hexes          | 1 2 3 4 |  4.6
Summonings     | 1 2 3 4 |  4.6
Necromancy     | 1 2 3 4 |  4.6
Translocations | 1 2 3 4 |  4.6
Transmutations | 1 2 3 4 |  4.6
Ice Magic      | 1 2 3 4 |  4.6
Air Magic      | 1 2 3 4 |  4.6
Earth Magic    | 1 2 3 4 |  4.6
Poison Magic   | 1 2 3 4 |  4.6
Fighting       | 7 8 |  8.7
Long Blades    | 7 8 |  8.7
Fire Magic     | 6 7 |  7.3

Action                   |  1- 3 |  4- 6 |  7- 9 | 10-12 || total
-------------------------+-------+-------+-------+-------++-------
Melee: Falchion          |    57 |    33 |       |    20 ||   110
       Bite              |     8 |     4 |     4 |     3 ||    19
       Club              |       |    32 |    25 |       ||    57
       Punch             |       |     1 |       |     1 ||     2
 Fire: Longbow           |       |       |    80 |    41 ||   121
Throw: Dart              |       |     4 |    29 |     8 ||    41
 Cast: Scorch            |    28 |    59 |   115 |    87 ||   289
       Teleport Other    |       |       |       |     1 ||     1
Invok: Fiery Armour      |       |       |     2 |     1 ||     3
  Use: Scroll            |       |       |     5 |     9 ||    14
       Potion            |       |       |     2 |       ||     2
Armor: Robe              |    10 |       |    12 |       ||    22
       Leather armour    |     3 |     7 |     7 |       ||    17
       Steam dragon scal |       |       |     7 |    33 ||    40
Dodge: Dodged            |    35 |    43 |    57 |    49 ||   184
Block: Buckler           |       |       |       |     1 ||     1

Table legend: (Time is in decaauts)
 A = Elapsed time spent in this place.
 B = Non-inter-level travel time spent in this place.
 C = Inter-level travel time spent in this place.
 D = Time resting spent in this place.
 E = Time spent auto-exploring this place.
 F = Levels seen in this place.
 G = Mean time per level.
                   A        B        C        D        E       F      G
               +--------+--------+--------+--------+--------+-----+--------+
         Total |  11949 |  11663 |    286 |   3018 |   6391 |  11 | 1086.3 |
       Dungeon |  11838 |  11564 |    274 |   3018 |   6311 |  10 | 1183.8 |
        Temple |    110 |     98 |     12 |      0 |     80 |   1 |  110.0 |
               +--------+--------+--------+--------+--------+-----+--------+

Top non-repeatable levels by time:
     D:1: 1749 daAuts
     D:5: 1573 daAuts
     D:4: 1502 daAuts
     D:2: 1484 daAuts
     D:3: 1463 daAuts
     D:9: 1153 daAuts
     D:7: 1023 daAuts
     D:8: 945 daAuts
     D:6: 689 daAuts
    D:10: 254 daAuts
  Temple: 110 daAuts
